 Dungeon Crawl Stone Soup version 0.22.1-1-ga44c0e5 (webtiles) character file.

1029 MalarOregon the Twirler (level 8, -1/63 HPs)
             Began as a Minotaur Gladiator on Sept 24, 2018.
             Was a Believer of Hepliaklqana.
             Slain by a centaur (8 damage)
             ... on level 5 of the Dungeon.
             The game lasted 00:05:01 (3474 turns).

MalarOregon the Twirler (Minotaur Gladiator)        Turns: 3474, Time: 00:05:02

Health: -1/63      AC:  6    Str: 25    XL:     8   Next: 3%
Magic:  7/7        EV: 14    Int:  7    God:    Hepliaklqana [**....]
Gold:   243        SH:  0    Dex: 12    Spells: 7/7 levels left

rFire    + . .     SeeInvis .   a - +0 quarterstaff
rCold    + . .     Gourm    .   (shield currently unavailable)
rNeg     . . .     Faith    .   u - +0 troll leather armour {Purgy}
rPois    +         Spirit   .   x - +1 hat
rElec    .         Reflect  .   (no cloak)
rCorr    .         Harm     .   o - +0 pair of gloves {Str+3}
MR       .....                  (no boots)
Stlth    +.........             (no amulet)
HPRegen  0.60/turn              D - ring "Gelavauk" {rF+ rC+ Str+3}
MPRegen  0.10/turn              s - ring of poison resistance

@: no status effects
A: retaliatory headbutt, reduced essence, horns 2
a: Ancestor Life: Knight, Ancestor Life: Battlemage, Ancestor Life: Hexer,
Recall Ancestor, Ancestor Identity, Renounce Religion


You were on level 5 of the Dungeon.
You worshipped Hepliaklqana.
Hepliaklqana was pleased with you.
You were very hungry.

You visited 1 branch of the dungeon, and saw 5 of its levels.
You also visited: Sewer.

You collected 243 gold pieces.

Inventory:

Hand Weapons
 a - a +0 quarterstaff (weapon)
Missiles
 b - 6 tomahawks (quivered)
 d - 2 throwing nets {!f}
Armour
 n - a +0 large shield
   (You found it on level 2 of the Dungeon)
 o - a +0 pair of gloves of strength (worn)
   (You found it on level 2 of the Dungeon)
 u - a +0 troll leather armour (worn) {Purgy}
   (You found it in a sewer)
 x - a +1 hat (worn)
   (You found it on level 3 of the Dungeon)
Jewellery
 s - a ring of poison resistance (right hand)
   (You found it on level 2 of the Dungeon)
 D - the ring "Gelavauk" (left hand) {rF+ rC+ Str+3}
   (You found it on level 5 of the Dungeon)

   [ring of protection from cold]

   It affects your strength (+3).
   It protects you from fire.
   It protects you from cold.
Scrolls
 f - a scroll of noise {unknown}
 g - 7 scrolls of teleportation {unknown}
 h - 8 scrolls of identify {unknown}
 i - 4 scrolls of enchant weapon {unknown}
 p - a scroll of remove curse {unknown}
 q - 2 scrolls of blinking {unknown}
 v - a scroll of fog {unknown}
 w - 2 scrolls of enchant armour {unknown}
 y - 2 scrolls of fear {unknown}
 C - a scroll of amnesia {unknown}
Potions
 j - 2 potions of degeneration {unknown}
 k - a potion of heal wounds {unknown}
 l - a potion of might {unknown}
 m - 2 potions of agility {unknown}
 r - a potion of magic {unknown}
 t - a potion of invisibility {unknown}
 z - a potion of resistance {unknown}
 A - a potion of mutation {unknown}
 B - a potion of curing {unknown}
Comestibles
 e - 7 rations {!d}


   Skills:
 * Level 6.4 Fighting
 * Level 7.0 Staves
 + Level 3.9 Throwing
 + Level 3.9 Armour
 + Level 5.0 Dodging


You had 7 spell levels left.
You didn't know any spells.
Your spell library was empty.

Dungeon Overview and Level Annotations

Branches:
Dungeon (5/15)
 Temple: D:4-7

Altars:
Elyvilon
Hepliaklqana
Nemelex Xobeh
Vehumet
Zin


Innate Abilities, Weirdness & Mutations

You reflexively headbutt those who attack you in melee.
You have a pair of horns on your head.
Your life essence is reduced to manifest your ancestor. (-10% HP)


Message History

The arrow barely misses you.
You see here an arrow.
A centaur is nearby!
You may now remember your ancestor's life.
A leopard gecko skeleton comes into view.
The centaur shoots an arrow.
The arrow hits you!
You see here an arrow.
The centaur shoots an arrow.
The arrow hits you!
You see here an arrow.
The leopard gecko skeleton barely misses you.
You barely miss the leopard gecko skeleton.
You headbutt the leopard gecko skeleton.
The centaur shoots an arrow.
The arrow hits Zoran.
The leopard gecko skeleton misses you.
The centaur shoots an arrow.
The arrow hits Zoran.
You barely miss the leopard gecko skeleton.
The centaur shoots an arrow.
The arrow hits Zoran.
The leopard gecko skeleton barely misses you.
You hit the leopard gecko skeleton.
The centaur shoots an arrow.
The arrow hits Zoran!
The leopard gecko skeleton bites you but does no damage.
You sock the leopard gecko skeleton!
You destroy the leopard gecko skeleton!
The centaur shoots an arrow.
The arrow hits Zoran!
Zoran is destroyed!
The centaur shoots an arrow.
The arrow hits you!
* * * LOW HITPOINT WARNING * * *
Throwing (i - inventory. (/) - cycle)
b - 7 tomahawks (quivered)
Aim: a centaur, wielding a shortbow You throw a tomahawk.
The tomahawk hits the centaur.
The centaur shoots an arrow.
The arrow barely misses you.
The centaur shoots an arrow.
The arrow hits you!
* * * LOW HITPOINT WARNING * * *
You see here 6 arrows.
The centaur shoots an arrow.
The arrow barely misses you.
The centaur shoots an arrow.
The arrow hits you.
* * * LOW HITPOINT WARNING * * *
You see here an arrow.
The centaur shoots an arrow.
The arrow hits you!
* * * LOW HITPOINT WARNING * * *
You see here an arrow.
The centaur shoots an arrow.
The arrow closely misses you.
Unknown command.
The centaur unwields an uncursed shortbow.
The centaur closely misses you. You furiously retaliate!
You headbutt the centaur, but do no damage.
The centaur hits you.
* * * LOW HITPOINT WARNING * * *
You barely miss the centaur. The centaur hits you!
You die...

#....# #.####
#.# #.# #.#
#.# #.### #.#
#.#.. #.# #
#.#.# #.#
#.##.#.# #.#
#....#.#####.#
##.#
#..c@.(((((..#
...#
##..)..(######
####
#####..(..#
#.###.# #.#
#.# #.# #.#
#.# #.# #.#
#.# #. #.#


You could see a centaur.

Vanquished Creatures
  Sigmund (D:4)
  Purgy (Sewer)
  An ice beast (D:5)
  An ogre (D:5)
  A crimson imp (D:5)
  An iguana (D:5)
  3 hounds (D:4)
  An orc wizard (D:4)
  2 worker ants (D:4)
  A hound zombie (D:5)
  5 adders
  4 gnolls (D:4)
  2 oozes
  2 dart slugs
  3 leopard geckos
  11 orcs
  9 bats
  7 giant cockroaches
  4 goblins
  7 hobgoblins
  13 jackals
  6 kobolds
  6 quokkas
  5 frilled lizards
  A leopard gecko skeleton (D:5)
  4 rats
102 creatures vanquished.

Vanquished Creatures (collateral kills)
  A phantom (D:4)
  An orc wizard (D:3)
  A worker ant (D:5)
  An adder (D:3)
  A worm (D:3)
  2 orcs (D:3)
  A goblin (D:3)
  A bat (D:3)
  A kobold (Sewer)
  A rat (D:3)
11 creatures vanquished.

Vanquished Creatures (others)
  An ancestor (D:5)
1 creature vanquished.

Grand Total: 114 creatures vanquished

Notes
Turn   | Place    | Note
-------+----------+-------------------------------------------
     0 | D:1      | MalarOregon the Minotaur Gladiator began the quest for the
                  | Orb.
     0 | D:1      | Reached XP level 1. HP: 18/18 MP: 0/0
   366 | D:1      | Reached XP level 2. HP: 16/25 MP: 1/1
   590 | D:1      | Reached skill level 4 in Staves
   834 | D:2      | Reached XP level 3. HP: 29/31 MP: 2/2
   848 | D:2      | Found a glowing silver altar of Zin.
  1318 | D:2      | Reached skill level 1 in Armour
  1334 | D:2      | Found a white marble altar of Elyvilon.
  1337 | D:2      | Found a hazy altar of Hepliaklqana.
  1461 | D:2      | Became a worshipper of Hepliaklqana the Forgotten
  1546 | D:3      | Reached XP level 4. HP: 17/34 MP: 3/3
  1558 | D:3      | Found a glowing drain.
  1583 | Sewer    | Entered a sewer
  1635 | Sewer    | Noticed Purgy
  1642 | Sewer    | HP: 1/34 [Purgy (3)]
  1658 | Sewer    | Killed Purgy
  1658 | Sewer    | Reached skill level 5 in Staves
  1658 | Sewer    | Reached XP level 5. HP: 3/41 MP: 4/4
  1935 | D:3      | Reached XP level 6. HP: 44/47 MP: 5/5
  2076 | D:3      | Found a sparkling altar of Nemelex Xobeh.
  2183 | D:3      | Reached * piety under Hepliaklqana
  2380 | D:4      | Found a radiant altar of Vehumet.
  2488 | D:4      | Noticed Sigmund
  2501 | D:4      | Killed Sigmund
  2501 | D:4      | Reached skill level 5 in Fighting
  2501 | D:4      | Reached skill level 6 in Staves
  2501 | D:4      | Reached XP level 7. HP: 40/54 MP: 6/6
  3235 | D:5      | Entered Level 5 of the Dungeon
  3356 | D:5      | Got a crude iron ring
  3381 | D:5      | Reached skill level 7 in Staves
  3381 | D:5      | Reached skill level 5 in Dodging
  3381 | D:5      | Reached XP level 8. HP: 63/63 MP: 7/7
  3382 | D:5      | Identified the ring "Gelavauk" {rF+ rC+ Str+3} (You found
                  | it on level 5 of the Dungeon)
  3461 | D:5      | Reached ** piety under Hepliaklqana
  3474 | D:5      | Slain by a centaur

Skill      XL: |  1  2  3  4  5  6  7 |
---------------+----------------------+-----
Staves         | 4 5 6 7 |  7.0
Fighting       | 3 4 5 6 |  6.4
Armour         | 1 2 3 |  3.9
Dodging        | 4 5 |  5.0
Throwing       | 3 |  3.9

Action                   |  1- 3 |  4- 6 |  7- 9 || total
-------------------------+-------+-------+-------++-------
Melee: Quarterstaff      |    72 |    94 |    77 ||   243
       Headbutt          |     5 |    17 |    16 ||    38
Throw: Throwing net      |       |     2 |       ||     2
       Tomahawk          |       |       |     1 ||     1
 Stab: Held in net/web   |       |     3 |       ||     3
  Eat: Chunk             |     2 |     3 |     2 ||     7
Armor: Leather armour    |    20 |     8 |       ||    28
       Troll leather arm |       |    17 |    16 ||    33
Dodge: Dodged            |    65 |    59 |    48 ||   172
